 Dungeon Crawl Stone Soup version 0.28-a0-697-g47f3eba078 (webtiles) character file.

Game seed: 4033552523439290962

5 siradein the Ducker (level 1, 0/16 HPs)
             Began as a Demonspawn Gladiator on Oct 23, 2021.
             Slain by a kobold (2 damage)
             ... on level 1 of the Dungeon.
             The game lasted 00:00:18 (79 turns).

siradein the Ducker (Demonspawn Gladiator)            Turns: 79, Time: 00:00:18

Health: 0/16       AC:  4    Str: 14    XL:     1   Next: 66%
Magic:  1/1        EV: 12    Int:  9    God:
Gold:   0          SH:  0    Dex: 14    Spells: 0/0 levels left

rFire   . . .      SeeInvis .   a - +0 trident
rCold   . . .      Faith    .   (no shield)
rNeg    . . .      Spirit   .   b - +0 leather armour
rPois   .          Reflect  .   c - +0 helmet
rElec   .          Harm     .   (no cloak)
rCorr   .          Rampage  .   (no gloves)
Will    .....                   (no boots)
Stlth   +.........              (no amulet)
HPRegen 0.05/turn               (no ring)
MPRegen 0.07/turn               (no ring)

@: no status effects
A: no striking features
a: no special abilities


You were on level 1 of the Dungeon.
You visited 1 branch of the dungeon, and saw 1 of its levels.

Inventory:

Hand Weapons
 a - a +0 trident (weapon)
Missiles
 d - 3 throwing nets (quivered)
Armour
 b - a +0 leather armour (worn)
 c - a +0 helmet (worn)
Scrolls
 e - a scroll of vulnerability {unknown}


   Skills:
 + Level 2.1 Fighting
 + Level 2.7 Polearms
 + Level 1.9 Throwing
 + Level 2.7 Dodging


You couldn't memorise any spells.
You didn't know any spells.
Your spell library was empty.

Dungeon Overview and Level Annotations

Branches:
Dungeon (1/15)

Altars:


Message History

Found a murky brown potion.
You puncture the rat!
You kill the rat!
No target in view!
No target in view!
Found a stone staircase leading down.
A hobgoblin comes into view.
The hobgoblin shouts!
You hear a shout!
An endoplasm comes into view.
A goblin comes into view. It is wielding a +0 club.
There are monsters nearby!
You reach to attack!
You barely miss the hobgoblin.
A hobgoblin comes into view.
You hit the hobgoblin but do no damage. The hobgoblin misses you.
You hit the hobgoblin.
The hobgoblin is severely wounded.
The hobgoblin hits you. x2
The endoplasm hits you but does no damage.
You hit the hobgoblin but do no damage.
The hobgoblin is severely wounded.
The hobgoblin barely misses you. The endoplasm closely misses you.
You puncture the hobgoblin!
You kill the hobgoblin!
The endoplasm freezes you.
You are frozen.
You hit the goblin.
You kill the goblin!
The endoplasm closely misses you.
You closely miss the hobgoblin. The endoplasm freezes you.
You are frozen.
The hobgoblin hits you.
* * * LOW HITPOINT WARNING * * *
The endoplasm misses you. The endoplasm closely misses you.
The endoplasm barely misses you.
A kobold comes into view. It is wielding a +0 dagger.
The kobold shouts!
The kobold completely misses you. The kobold hits you with a +0 dagger.
You die...

##.......≈≈≈≈# #..#
#..8..8<.≈§§§# #.##
##........§≈§§#####.#
##..#......§≈≈≈##....###
...##....8.#######...#>
##...#.....# ##....
......#### #####....
####..## #......##
#.@##### #.##.###
#.KJ.g.####.##.#
#.####......##.# #.
#####..##.# ## #..##.#
#..##.# #..##.# ##..#
#...#


You could see an endoplasm, a hobgoblin and a kobold.

Vanquished Creatures
  A ball python (D:1)
  A goblin (D:1)
  A hobgoblin (D:1)
  A frilled lizard (D:1)
  A rat (D:1)
5 creatures vanquished.

Notes
Turn   | Place    | Note
-------+----------+-------------------------------------------
     0 | D:1      | siradein the Demonspawn Gladiator began the quest for the
                  | Orb.
     0 | D:1      | Reached XP level 1. HP: 16/16 MP: 1/1
    79 | D:1      | Slain by a kobold

Illustrated notes

Levels and vault maps discovered:
D:1:      grunt_arrival_lava_bath, layout_rooms, basic_ecumenical_altar,
          amethyst_killhole, minmay_gold_behind_fungi

Action                   || total
-------------------------++-------
Melee: Trident           ||    11
Armor: Leather armour    ||     1
Dodge: Dodged            ||     9

Table legend: (Time is in decaauts)
 A = Elapsed time spent in this place.
 B = Non-inter-level travel time spent in this place.
 C = Inter-level travel time spent in this place.
 D = Time resting spent in this place.
 E = Time spent auto-exploring this place.
 F = Levels seen in this place.
 G = Mean time per level.
                   A        B        C        D        E       F      G
               +--------+--------+--------+--------+--------+-----+--------+
         Total |     81 |     81 |      0 |      0 |     42 |   1 |   81.0 |
       Dungeon |     81 |     81 |      0 |      0 |     42 |   1 |   81.0 |
               +--------+--------+--------+--------+--------+-----+--------+

Top non-repeatable levels by time:
     D:1: 81 daAuts
